 Dungeon Crawl Stone Soup version 0.29.0-5-ge4962eb29e (webtiles) character file.

Game seed: 12434568293575202352

59895 Renzlar the Blocker (level 14, -1/114 HPs)
             Began as a Gnoll Fighter on Aug 28, 2022.
             Was the Champion of Okawaru.
             Shot with an arrow by Nessos (2 damage)
             ... on level 2 of the Orcish Mines on Aug 29, 2022.
             The game lasted 02:05:45 (29263 turns).

Renzlar the Blocker (Gnoll Fighter)                Turns: 29263, Time: 02:05:46

Health: -1/114     AC: 19    Str: 19    XL:     14   Next: 97%
Magic:  0/28       EV: 14    Int: 10    God:    Okawaru [******]
Gold:   1971       SH:  6    Dex: 11    Spells: 6/33 levels left

rFire   . . .      SeeInvis +   a - +8 war axe (flame)
rCold   . . .      Faith    .   z - +0 buckler
rNeg    . . .      Spirit   +   B - +1 swamp dragon scales
rPois   +          Reflect  .   v - +2 helmet
rElec   .          Harm     .   D - +1 cloak
rCorr   +          Rampage  .   e - +0 pair of gloves
Will    ++...                   (no boots)
Stlth   ++++......              n - amulet of guardian spirit
HPRegen 0.29/turn               i - ring of resist corrosion
MPRegen 0.21/turn               A - ring of see invisible

@: no status effects
A: fangs 1, strong nose, distributed training, strong-willed 1
a: Renounce Religion, Heroism, Finesse, Duel


You were on level 2 of the Orcish Mines.
You worshipped Okawaru.
Okawaru was exalted by your worship.
You visited 4 branches of the dungeon, and saw 20 of its levels.

You collected 1971 gold pieces.

Inventory:

Hand Weapons
 a - a +8 war axe of flaming (weapon)
 b - a +4 dagger of venom
 c - a +0 sling
 g - a +1 hand axe of electrocution
 N - the +5 flail of Watchfulness {speed, *Slow Fly rF++ Will+}
   (You found it on level 10 of the Dungeon)

   Attacks with this weapon are significantly faster.
   rF:        It greatly protects you from fire.
   Fly:       It grants you flight.
   *Slow:     It may slow you when you take damage.
   Will:      It increases your willpower.
 R - a +7 vampiric long sword
Missiles
 o - 4 throwing nets (quivered)
 q - 18 poisoned darts
Armour
 e - a +0 pair of gloves (worn)
 v - a +2 helmet (worn)
 w - a +3 scale mail of willpower
 y - the +1 plate armour "Qaudixt" {Str+2 Slay+5}
   (You found it on level 10 of the Dungeon)

   Str:       It affects your strength (+2).
   Slay:      It affects your accuracy & damage with ranged weapons and melee
   (+5).
 z - a +0 buckler (worn)
 B - +1 swamp dragon scales (worn)
 D - a +1 cloak (worn)
Jewellery
 i - a ring of resist corrosion (left hand)
 n - an amulet of guardian spirit (around neck)
 A - a ring of see invisible (right hand)
 F - an amulet of regeneration
 G - a ring of fire
 I - a ring of protection from fire
 K - a ring of ice
 T - a ring of poison resistance
Wands
 p - a wand of flame (20)
 x - a wand of iceblast (32)
 E - a wand of acid (27)
Scrolls
 h - 3 scrolls of magic mapping
 j - 17 scrolls of teleportation
 r - 3 scrolls of poison
 s - 5 scrolls of fog
 u - 4 scrolls of fear
 C - a scroll of enchant armour
 H - a scroll of blinking
 S - a scroll of amnesia
 U - 3 scrolls of identify
Potions
 d - 3 potions of might
 f - 4 potions of mutation
 l - a potion of heal wounds
 m - 4 potions of curing
 J - 2 potions of cancellation
 L - a potion of invisibility
 M - a potion of flight
 O - a potion of berserk rage
Miscellaneous
 P - a lightning rod (3/4)


   Skills:
 + Level 11.9 Fighting
 + Level 10.0 Short Blades
 + Level 10.0 Long Blades
 + Level 11.0 Axes
 + Level 10.0 Maces & Flails
 + Level 10.0 Polearms
 + Level 10.0 Staves
 + Level 10.0 Ranged Weapons
 + Level 10.0 Throwing
 + Level 11.9 Armour
 + Level 10.0 Dodging
 + Level 10.0 Stealth
 + Level 11.9 Shields
 + Level 10.0 Unarmed Combat
 + Level 10.0 Spellcasting
 + Level 8.4 Conjurations
 + Level 8.4 Hexes
 + Level 8.4 Summonings
 + Level 8.4 Necromancy
 + Level 8.4 Translocations
 + Level 8.4 Transmutations
 + Level 8.4 Fire Magic
 + Level 8.4 Ice Magic
 + Level 8.4 Air Magic
 + Level 8.4 Earth Magic
 + Level 8.4 Poison Magic
 + Level 10.9 Invocations
 + Level 10.0 Evocations


You had 6 spell levels left.
You knew the following spells:

 Your Spells              Type           Power      Damage    Failure   Level
a - Olgreb's Toxic Radia  Pois           21%        N/A       8%          4
b - Sticky Flame          Conj/Fire      21%        2d4       8%          4
c - Freezing Cloud        Conj/Ice/Air   10%        6-21      22%         5
d - Flame Wave            Conj/Fire      21%        2d8       8%          4
e - Irradiate             Conj/Tmut      10%        3d15      22%         5
f - Yara's Violent Unrav  Hex/Tmut       10%        3d6       22%         5

Your spell library contained the following spells:

 Spells                   Type           Power      Damage    Failure   Level
 Apportation              Tloc           42%        N/A       1%          1
 Foxfire                  Conj/Fire      84%        2x1d8     1%          1
 Shock                    Conj/Air       84%        1d8       1%          1
 Slow                     Hex            84%        N/A       1%          1
 Sting                    Tmut/Pois      84%        1d7       1%          1
 Poisonous Vapours        Pois/Air       42%        N/A       1%          2
 Static Discharge         Conj/Air       21%        3-6/arc   1%          2
 Sublimation of Blood     Necr           21%        N/A       1%          2
 Confusing Touch          Hex            21%        N/A       2%          3
 Conjure Flame            Conj/Fire      21%        6-21      2%          3
 Inner Flame              Hex/Fire       21%        N/A       2%          3
 Swiftness                Air            21%        N/A       2%          3
 Vampiric Draining        Necr           21%        2d7       2%          3
 Airstrike                Air            10%        2d(2-18)  8%          4
 Dispel Undead            Necr           21%        3d11      8%          4
 Hailstorm                Conj/Ice       21%        3d6       8%          4
 Ice Form                 Ice/Tmut       21%        N/A       8%          4
 Petrify                  Tmut/Erth      21%        N/A       8%          4
 Alistair's Intoxication  Tmut/Pois      14%        N/A       22%         5
 Enfeeble                 Hex            10%        N/A       100%        7
 Ozocubu's Refrigeration  Ice            10%        4d9       100%        7
 Ignition                 Fire           10%        3d5       100%        8
 Polar Vortex             Ice            10%        N/A       100%        9
 Summon Small Mammal      Summ           Unusable   N/A       N/A         1
 Call Canine Familiar     Summ           Unusable   N/A       N/A         3
 Summon Guardian Golem    Hex/Summ       Unusable   N/A       N/A         3
 Simulacrum               Ice/Necr       Unusable   N/A       N/A         6

Dungeon Overview and Level Annotations

Branches:
Dungeon (12/15)            Temple (1/1) D:7            Lair (5/5) D:9
 Shoals (0/4) Lair:2        Snake (0/4) Lair:2        Slime (0/5) Lair:4
    Orc (2/2) D:12
    Elf: Orc:2

Altars:
Ashenzari
Cheibriados
Dithmenos
Elyvilon
Fedhas
Gozag
Hepliaklqana
Kikubaaqudgha
Makhleb
Nemelex Xobeh
Okawaru
Qazlal
Ru
Sif Muna
Trog
Uskayaw
Vehumet
Wu Jian
Xom
Yredelemnul
Zin
The Shining One
Jiyva

Shops:
D:7 !:[[(   D:9 (*!(   Orc:1 (

Annotations:
D:10 2 transporters
Orc:2 Nessos


Innate Abilities, Weirdness & Mutations

You have very sharp teeth.
Your uncanny sense of smell can sniff out nearby items.
Your experience applies equally to all skills.
You are strong-willed. (Will+)


Message History

You shoot a sling bullet.
The sling bullet hits Nessos but does no damage.
Nessos casts a spell.
Nessos blinks!
Nessos shoots an arrow.
You block the arrow.
Your +8 war axe of flaming bursts into flame!
a - a +8 war axe of flaming (weapon)
Nessos shoots an arrow.
The arrow hits you but does no damage.
Throw: 6 throwing nets
Press: ? - help, Q - select action, (/) - cycle Shift-Dir - straight line, f/p - Nessos
Aim: Nessos, wielding a +2 longbow of flaming and wearing a +1 barding of cold resistance (76% to hit)
You throw a throwing net. The throwing net hits Nessos.
Nessos is caught in the net!
Nessos mumbles some strange words.
Nessos seems to speed up.
Nessos struggles against the net.
Nessos struggles against the net.
Nessos struggles against the net.
The net rips apart, and Nessos comes free!
Throw: 5 throwing nets
Press: ? - help, Q - select action, (/) - cycle Shift-Dir - straight line, f/p - Nessos
Aim: Nessos, wielding a +2 longbow of flaming and wearing a +1 barding of cold resistance (fast, 76% to hit)
You throw a throwing net. The throwing net hits Nessos.
Nessos is caught in the net!
Nessos struggles against the net.
Nessos stands on their hind legs for a moment.
Nessos struggles against the net.
Nessos gestures wildly while chanting.
Nessos blinks!
Things that are here:
a +0 dire flail; a +0 dire flail Nessos intently looks at you, slowly moving their tail.
Nessos shoots an arrow.
The arrow hits you!
* * * LOW HITPOINT WARNING * * *
The arrow burns you.
* * * LOW HITPOINT WARNING * * *
Nessos casts a spell.
Nessos blinks!
Nessos shoots an arrow.
The arrow hits you!
* * * LOW HITPOINT WARNING * * *
The arrow burns you.
You die...

##.......###
####..........#
##.#...........##
#...............##
##......#####.....#
#.......####.....##
##.#......##.....#
####......#.)<..#
#.@......)..##
#.##...[....#
##)#........##
#.((......#.# ∆ #
##§......#...#
##..###.....#..##.##
#......#c..#####...
#............# ...
##.........c..# ...


You could see Nessos (fast).

Vanquished Creatures
  Rupert (D:12)
  A dire elephant (Lair:5)
  The ghost of pdpol the Destroyer, a journeyman DrCj of Sif Muna (D:11)
  An ettin (Orc:2)
  Fannar (Lair:2)
  A boulder beetle (D:12)
  5 hydras
  A centaur warrior (D:12)
  2 catoblepae (Lair:5)
  2 two-headed ogres
  A tengu warrior (D:11)
  A deep troll shaman (Lair:5)
  The ghost of ardl the Destroyer, a novice BaAE of Sif Muna (D:8)
  Urug (Lair:1)
  3 death yaks (Lair:5)
  Nergalle (Orc:1)
  Sonja (D:11)
  Lodul (D:12)
  An orc knight (Orc:1)
  4 cyclopes
  A lindwurm (Lair:5)
  An orc sorcerer (Orc:1)
  3 manticores
  6 elephants (Lair:5)
  3 black mambas
  A merfolk siren (Lair:2)
  A torpor snail (Lair:2)
  8 cane toads
  3 rime drakes
  Maggie (D:6)
  A komodo dragon (shapeshifter) (D:9)
  2 komodo dragons
  9 polar bears
  5 trolls
  Grinder (D:5)
  25 blink frogs
  2 slime creatures (D:12)
  A vampire (D:12)
  2 wraiths
  6 wyverns
  62 yaks
  4 basilisks
  3 unseen horror simulacra (D:9)
  5 vampire mosquitoes
  Grum (D:5)
  A steam dragon (Lair:1)
  4 nagas (Lair:2)
  2 wargs (Orc:1)
  Menkaure (D:4)
  Duvessa (D:5)
  An acid dragon (D:10)
  11 water moccasins
  11 orc warriors
  A sky beast (D:7)
  2 ice beasts (D:9)
  A black bear (D:4)
  14 ogres
  A phantom (D:4)
  26 wolves
  A kobold brigand (D:9)
  2 centaurs
  Blork the orc (D:4)
  3 gnoll sergeants (D:5)
  5 scorpions
  8 bullfrogs
  12 wights
  Dowan (D:5)
  2 killer bees (D:9)
  6 howler monkeys
  4 electric eels
  3 jellies
  11 hounds
  A gnoll bouda (D:5)
  13 orc priests
  Ijyb (D:5)
  7 iguanas
  Crazy Yiuf (D:5)
  13 hell rats
  Natasha (thrice) (D:4)
  11 orc wizards
  2 centaur simulacra (D:9)
  16 gnolls
  11 adders
  A shadow imp (D:7)
  3 white imps
  3 ufetubi
  5 worms
  A dart slug (D:2)
  65 orcs
  5 bats
  20 endoplasms
  A giant cockroach (D:4)
  7 goblins
  11 hobgoblins
  20 jackals
  3 quokkas
  3 training dummies (D:9)
  11 ball pythons
  7 frilled lizards
  6 kobolds
  3 rats
  3 toadstools (D:1)
581 creatures vanquished.

Vanquished Creatures (others)
  A hydra (D:8)
  27 fungi
  42 plants
  A toadstool (D:1)
71 creatures vanquished.

Grand Total: 652 creatures vanquished

Notes
Turn   | Place    | Note
-------+----------+-------------------------------------------
     0 | D:1      | Renzlar the Gnoll Fighter began the quest for the Orb.
     0 | D:1      | Reached XP level 1. HP: 23/23 MP: 1/1
   144 | D:1      | Reached XP level 2. HP: 26/29 MP: 2/2
   624 | D:1      | Reached XP level 3. HP: 32/35 MP: 3/3
  1082 | D:1      | Reached skill level 1 in Invocations
  1350 | D:1      | Found a faded altar of an unknown god.
  1452 | D:2      | Reached skill level 1 in Short Blades
  1452 | D:2      | Reached skill level 1 in Long Blades
  1452 | D:2      | Reached skill level 1 in Maces & Flails
  1452 | D:2      | Reached skill level 1 in Polearms
  1452 | D:2      | Reached skill level 1 in Staves
  1452 | D:2      | Reached skill level 1 in Ranged Weapons
  1452 | D:2      | Reached skill level 1 in Throwing
  1452 | D:2      | Reached skill level 1 in Dodging
  1452 | D:2      | Reached skill level 1 in Stealth
  1452 | D:2      | Reached skill level 1 in Unarmed Combat
  1452 | D:2      | Reached skill level 1 in Spellcasting
  1452 | D:2      | Reached skill level 1 in Evocations
  1656 | D:2      | Reached XP level 4. HP: 41/41 MP: 5/5
  1705 | D:2      | Reached skill level 1 in Conjurations
  1705 | D:2      | Reached skill level 1 in Hexes
  1705 | D:2      | Reached skill level 1 in Summonings
  1705 | D:2      | Reached skill level 1 in Necromancy
  1705 | D:2      | Reached skill level 1 in Translocations
  1705 | D:2      | Reached skill level 1 in Transmutations
  1705 | D:2      | Reached skill level 1 in Fire Magic
  1705 | D:2      | Reached skill level 1 in Ice Magic
  1705 | D:2      | Reached skill level 1 in Air Magic
  1705 | D:2      | Reached skill level 1 in Earth Magic
  1705 | D:2      | Reached skill level 1 in Poison Magic
  1833 | D:2      | Reached XP level 5. HP: 47/47 MP: 7/7
  2034 | D:2      | Gained mutation: You are strong-willed. (Will+) [potion of
                  | mutation]
  2797 | D:3      | Reached XP level 6. HP: 39/53 MP: 6/8
  2805 | D:3      | Reached skill level 5 in Axes
  3378 | D:4      | Noticed Blork the orc
  3387 | D:4      | Killed Blork the orc
  3594 | D:4      | Noticed a black bear
  3607 | D:4      | Killed a black bear
  3608 | D:4      | Reached XP level 7. HP: 38/60 MP: 6/10
  3715 | D:4      | Noticed Natasha
  3724 | D:4      | Killed Natasha
  3824 | D:4      | Identified the +0 plate armour "Ytzuxauf" {Rampage}
  3849 | D:4      | Found an ornate altar of the Wu Jian Council.
  3849 | D:4      | Found a stormy altar of Qazlal.
  3869 | D:4      | Found a faded altar of an unknown god.
  3871 | D:4      | Found a bloodstained altar of Trog.
  3873 | D:4      | Found a blossoming altar of Fedhas.
  3920 | D:4      | Noticed Natasha
  3929 | D:4      | Killed Natasha
  3976 | D:4      | Noticed Natasha
  3984 | D:4      | Killed Natasha
  4256 | D:4      | Noticed Menkaure
  4262 | D:4      | Killed Menkaure
  4757 | D:5      | Entered Level 5 of the Dungeon
  4757 | D:5      | Noticed Duvessa
  4757 | D:5      | Noticed Dowan
  4773 | D:4      | Reached XP level 8. HP: 61/67 MP: 10/12
  4944 | D:5      | Killed Duvessa
  4945 | D:5      | Killed Dowan
  5217 | D:5      | Noticed Grum
  5228 | D:5      | Killed Grum
  5589 | D:5      | Noticed Ijyb
  5598 | D:5      | Killed Ijyb
  5657 | D:5      | Reached XP level 9. HP: 6/73 MP: 2/14
  6097 | D:5      | Noticed Grinder
  6104 | D:5      | Paralysed by Grinder for 3 turns
  6121 | D:5      | Killed Grinder
  7194 | D:5      | Found a runed translucent door.
  7195 | D:5      | Noticed Crazy Yiuf
  7199 | D:5      | Killed Crazy Yiuf
  7200 | D:5      | Reached skill level 5 in Invocations
  7754 | D:6      | Found a shadowy altar of Dithmenos.
  8101 | D:6      | Noticed Maggie
  8118 | D:6      | Killed Maggie
  8344 | D:7      | Found Cyohutt's Antique Armour Shop.
  8346 | D:7      | Found Haorav's Armour Shoppe.
  8355 | D:7      | Reached skill level 5 in Short Blades
  8355 | D:7      | Reached skill level 5 in Long Blades
  8355 | D:7      | Reached skill level 5 in Maces & Flails
  8355 | D:7      | Reached skill level 5 in Polearms
  8355 | D:7      | Reached skill level 5 in Staves
  8355 | D:7      | Reached skill level 5 in Ranged Weapons
  8355 | D:7      | Reached skill level 5 in Throwing
  8355 | D:7      | Reached skill level 5 in Dodging
  8355 | D:7      | Reached skill level 5 in Stealth
  8355 | D:7      | Reached skill level 5 in Unarmed Combat
  8355 | D:7      | Reached skill level 5 in Spellcasting
  8355 | D:7      | Reached skill level 5 in Evocations
  8355 | D:7      | Reached XP level 10. HP: 59/81 MP: 11/17
  8880 | D:7      | Found a staircase to the Ecumenical Temple.
  8889 | Temple   | Entered the Ecumenical Temple
  8934 | Temple   | Became a worshipper of Warmaster Okawaru
  9052 | D:7      | Found Ilucsis's Book Emporium.
  9568 | D:7      | Found Qyffyxzet's Distillery.
  9681 | D:7      | Found Xogg's Weapon Shop.
 10131 | D:8      | Found a runed translucent gate.
 10132 | D:8      | Found a runed translucent gate.
 10133 | D:8      | Found a runed translucent gate.
 10134 | D:8      | Noticed ardl's ghost (novice BaAE)
 10135 | D:8      | Noticed a nine-headed hydra
 10863 | D:8      | Killed an eight-headed hydra
 10872 | D:8      | Killed ardl's ghost
 10872 | D:8      | Reached * piety under Okawaru
 11101 | D:9      | Found Fias's Distillery.
 12074 | D:9      | Reached ** piety under Okawaru
 12223 | D:9      | Reached skill level 5 in Conjurations
 12223 | D:9      | Reached skill level 5 in Hexes
 12223 | D:9      | Reached skill level 5 in Summonings
 12223 | D:9      | Reached skill level 5 in Necromancy
 12223 | D:9      | Reached skill level 5 in Translocations
 12223 | D:9      | Reached skill level 5 in Transmutations
 12223 | D:9      | Reached skill level 5 in Fire Magic
 12223 | D:9      | Reached skill level 5 in Ice Magic
 12223 | D:9      | Reached skill level 5 in Air Magic
 12223 | D:9      | Reached skill level 5 in Earth Magic
 12223 | D:9      | Reached skill level 5 in Poison Magic
 12223 | D:9      | Reached XP level 11. HP: 86/89 MP: 18/20
 12259 | D:9      | Found Xoramibu's Weapon Shop.
 12616 | D:9      | Found a staircase to the Lair.
 12644 | D:9      | Found Pibbau's Firing Range.
 12952 | D:9      | Found Ustre Ogh's General Store.
 13756 | D:10     | Entered Level 10 of the Dungeon
 13781 | D:10     | Reached *** piety under Okawaru
 13944 | D:10     | Found a burning altar of Makhleb.
 13968 | D:10     | Noticed a purple ugly thing
 13969 | D:10     | Noticed a fire crab
 13970 | D:10     | Noticed a deep elf knight
 13970 | D:10     | Noticed a boulder beetle
 13971 | D:10     | Found a transporter.
 14127 | D:10     | Identified the +1 plate armour "Qaudixt" {Str+2 Slay+5}
 14211 | D:10     | Found a transporter.
 14367 | D:10     | Noticed a two-headed ogre
 14376 | D:10     | Killed a two-headed ogre
 14716 | D:10     | Found a hide-covered altar of Uskayaw.
 14717 | D:10     | Found a glowing silver altar of Zin.
 14776 | D:10     | Identified the +5 flail of Watchfulness {speed, *Slow Fly
                  | rF++ Will+}
 14807 | D:10     | Reached **** piety under Okawaru
 15236 | Lair:1   | Entered Level 1 of the Lair of Beasts
 15333 | D:9      | Learned a level 4 spell: Olgreb's Toxic Radiance
 15338 | D:9      | Learned a level 4 spell: Sticky Flame
 15510 | Lair:1   | Reached XP level 12. HP: 79/97 MP: 18/22
 15564 | Lair:1   | Noticed Urug
 15581 | Lair:1   | Killed Urug
 15581 | Lair:1   | Reached ***** piety under Okawaru
 15749 | Lair:1   | Received a gift from Okawaru
 15808 | Lair:1   | Noticed a four-headed hydra
 15820 | Lair:1   | Killed a one-headed hydra
 15932 | Lair:1   | Reached skill level 10 in Fighting
 15932 | Lair:1   | Reached skill level 10 in Armour
 15932 | Lair:1   | Reached skill level 10 in Shields
 16909 | Lair:2   | Found a staircase to the Snake Pit.
 17089 | Lair:2   | Received a gift from Okawaru
 17370 | Lair:2   | Noticed a six-headed hydra
 17382 | Lair:2   | Killed a one-headed hydra
 17382 | Lair:2   | Identified the +10 lajatang "Nyeph" {vorpal, Str+2}
                  | (Okawaru gifted it to you on level 2 of the Lair of Beasts)
 17382 | Lair:2   | Received a gift from Okawaru
 17845 | Lair:2   | Found a burning altar of Makhleb.
 17997 | Lair:2   | Noticed Fannar
 18025 | Lair:2   | Killed Fannar
 18831 | Lair:2   | Found a staircase to the Shoals.
 19153 | Lair:3   | Noticed an eight-headed hydra
 19162 | Lair:3   | Killed a three-headed hydra
 19163 | Lair:3   | Reached XP level 13. HP: 59/104 MP: 12/25
 19777 | Lair:3   | Learned a level 5 spell: Freezing Cloud
 20630 | Lair:3   | Received a gift from Okawaru
 20872 | Lair:3   | Learned a level 4 spell: Flame Wave
 21259 | Lair:4   | Found a staircase to the Slime Pits.
 21260 | Lair:4   | Found a viscous altar of Jiyva.
 21388 | Lair:4   | Reached ****** piety under Okawaru
 22005 | Lair:5   | Entered Level 5 of the Lair of Beasts
 22018 | Lair:4   | Identified the +2 robe of the Robin {rF++ MP+9 Str-4}
                  | (Okawaru gifted it to you on level 4 of the Lair of Beasts)
 22018 | Lair:4   | Received a gift from Okawaru
 22476 | Lair:5   | Reached skill level 10 in Axes
 23343 | Lair:5   | Noticed a dire elephant
 23355 | Lair:5   | Reached XP level 14. HP: 92/113 MP: 19/27
 23469 | Lair:5   | Killed a dire elephant
 23470 | Lair:5   | Reached skill level 10 in Invocations
 24685 | D:11     | Found a runed translucent door.
 24687 | D:11     | Noticed pdpol's ghost (journeyman DrCj)
 24707 | D:11     | Killed pdpol's ghost
 24730 | D:11     | Learned a level 5 spell: Irradiate
 24895 | D:11     | Received a gift from Okawaru
 24997 | D:11     | Noticed Sonja
 25005 | D:11     | Killed Sonja
 25276 | D:11     | Learned a level 5 spell: Yara's Violent Unravelling
 26511 | D:12     | Noticed Rupert
 26528 | D:12     | Killed Rupert
 27123 | D:12     | Noticed Lodul
 27137 | D:12     | Killed Lodul
 27957 | D:12     | Found a staircase to the Orcish Mines.
 28243 | Orc:1    | Entered Level 1 of the Orcish Mines
 28243 | Orc:1    | Noticed Nergalle
 28259 | Orc:1    | Killed Nergalle
 28564 | Orc:1    | Found Zigyj's Weapon Shoppe.
 29021 | Orc:2    | Entered Level 2 of the Orcish Mines
 29038 | Orc:1    | Reached skill level 10 in Short Blades
 29038 | Orc:1    | Reached skill level 10 in Long Blades
 29038 | Orc:1    | Reached skill level 10 in Maces & Flails
 29038 | Orc:1    | Reached skill level 10 in Polearms
 29038 | Orc:1    | Reached skill level 10 in Staves
 29038 | Orc:1    | Reached skill level 10 in Ranged Weapons
 29038 | Orc:1    | Reached skill level 10 in Throwing
 29038 | Orc:1    | Reached skill level 10 in Dodging
 29038 | Orc:1    | Reached skill level 10 in Stealth
 29038 | Orc:1    | Reached skill level 10 in Unarmed Combat
 29038 | Orc:1    | Reached skill level 10 in Spellcasting
 29038 | Orc:1    | Reached skill level 10 in Evocations
 29250 | Orc:2    | Noticed Nessos
 29263 | Orc:2    | HP: 1/114 [Nessos/arrow (12)]
 29263 | Orc:2    | Shot with an arrow by Nessos

Illustrated notes

Levels and vault maps discovered:
D:1:      eino_arrival_cavern_b, layout_loops_ring,
          shapermc_ecumenical_altar_hornbeckon, minmay_gold_behind_fungi,
          st_stairs_12
D:2:      minmay_razor_zed, layout_basic, kennysheep_generic_room_16
D:3:      layout_basic
D:4:      layout_gridville, chequers_temple_overflow_minitemple,
          kennysheep_big_empty_room, uniq_natasha, uniq_blork_the_orc,
          uniq_menkaure
D:5:      layout_cave_pools, serial_gnoll_camp, gnoll_camp_mini_loothouse,
          gnoll_camp_huts_basic, gnoll_camp_mini_hut, grums_kennel,
          ldierk_geyser, corexii_item_surrounded_by_moat, uniq_duvessa,
          uniq_crazy_yiuf_cottage, uniq_grinder, uniq_ijyb
D:6:      layout_basic, nicolae_dithmenos_through_a_glass_darkly, uniq_maggie
D:7:      layout_basic, minmay_temple_entry_glassed_door, serial_shops,
          kennysheep_little_box, nicolae_stop_n_shop_1,
          nicolae_shop_window_shopping, nicolae_shop_statue_plus,
          nicolae_stop_n_shop_2
D:8:      layout_loops_corners, gammafunk_ghost_hydra_chop
D:9:      minmay_inner_zag, layout_grid_maze, david_lair_shrubbed, serial_ice,
          serial_ice_i, serial_ice_h, serial_ice_a, serial_ice_c, serial_ice_b,
          serial_ice_m, serial_ice_g, serial_ice_n, serial_shops, shop,
          nicolae_square_shop, nicolae_shop_crystal, nicolae_shop_firing_range
D:10:     gammafunk_sealed_arena, layout_gridville,
          mainiacjoe_overflow_concentric_impassable,
          mainiacjoe_overflow_divided_tiny
D:11:     layout_roguey, ebering_ghost_inner_flame, uniq_sonja
D:12:     layout_irregular_city, david_orc_5, uniq_lodul, uniq_rupert
Temple:   eino_temple_lava
Lair:1:   beast_lair_carwin_large_2, layout_regular_city, uniq_urug
Lair:2:   layout_cave_pods, minmay_shoals_entry_lonely_mermaid,
          minmay_snake_entry_guardpost_medium, basic_altar,
          chequers_serial_rivers_large_a, columned_hall_lemuel,
          serial_bayou_lagoon_b, uniq_fannar
Lair:3:   layout_cave_pods
Lair:4:   layout_regular_city, slime_entry_1, lemuel_fruit_tree
Lair:5:   grunt_lair_end_beastmaster, layout_cave_pods, grunt_megastairs_5,
          serial_bayou_shore_b
Orc:1:    layout_caves, serial_shops, shop, uniq_nergalle
Orc:2:    grunt_orc_gardens, layout_diamond_mine, grunt_orc_garden,
          grunt_orc_garden, grunt_orc_garden, grunt_orc_garden, serial_shops,
          nicolae_shop_hallway_stairs, small_statue_alley_c, uniq_donald,
          uniq_nessos

Skill      XL: |  1  2  3  4  5  6  7  8  9 10 11 12 13 14 |
---------------+-------------------------------------------+-----
Invocations    | 1 2 3 4 5 6 7 8 9 10 | 10.9
Short Blades   | 1 2 3 5 6 7 8 9 10 | 10.0
Long Blades    | 1 2 3 5 6 7 8 9 10 | 10.0
Maces & Flails | 1 2 3 5 6 7 8 9 10 | 10.0
Polearms       | 1 2 3 5 6 7 8 9 10 | 10.0
Staves         | 1 2 3 5 6 7 8 9 10 | 10.0
Ranged Weapons | 1 2 3 5 6 7 8 9 10 | 10.0
Throwing       | 1 2 3 5 6 7 8 9 10 | 10.0
Dodging        | 1 2 3 5 6 7 8 9 10 | 10.0
Stealth        | 1 2 3 5 6 7 8 9 10 | 10.0
Unarmed Combat | 1 2 3 5 6 7 8 9 10 | 10.0
Spellcasting   | 1 2 3 5 6 7 8 9 10 | 10.0
Evocations     | 1 2 3 5 6 7 8 9 10 | 10.0
Conjurations   | 1 2 3 4 5 6 7 8 |  8.4
Hexes          | 1 2 3 4 5 6 7 8 |  8.4
Summonings     | 1 2 3 4 5 6 7 8 |  8.4
Necromancy     | 1 2 3 4 5 6 7 8 |  8.4
Translocations | 1 2 3 4 5 6 7 8 |  8.4
Transmutations | 1 2 3 4 5 6 7 8 |  8.4
Fire Magic     | 1 2 3 4 5 6 7 8 |  8.4
Ice Magic      | 1 2 3 4 5 6 7 8 |  8.4
Air Magic      | 1 2 3 4 5 6 7 8 |  8.4
Earth Magic    | 1 2 3 4 5 6 7 8 |  8.4
Poison Magic   | 1 2 3 4 5 6 7 8 |  8.4
Axes           | 5 6 7 8 9 10 11 | 11.0
Fighting       | 7 8 9 10 11 | 11.9
Armour         | 7 8 9 10 11 | 11.9
Shields        | 7 8 9 10 11 | 11.9

Action                   |  1- 3 |  4- 6 |  7- 9 | 10-12 | 13-15 || total
-------------------------+-------+-------+-------+-------+-------++-------
Melee: War axe           |   124 |   179 |   349 |   542 |   731 ||  1925
       Bite              |    13 |    15 |    33 |    62 |   126 ||   249
       Short sword       |       |       |       |     4 |       ||     4
       Lajatang          |       |       |       |    14 |       ||    14
       Long sword        |       |       |       |       |    28 ||    28
       Flail             |       |       |       |       |     7 ||     7
       Dagger            |       |       |       |       |     1 ||     1
 Fire: Sling             |       |       |    23 |   291 |   304 ||   618
Throw: Throwing net      |       |       |       |     6 |     7 ||    13
       Dart              |       |       |       |     2 |     5 ||     7
 Cast: Sticky Flame      |       |       |       |     1 |    21 ||    22
       Flame Wave        |       |       |       |       |     1 ||     1
       Freezing Cloud    |       |       |       |       |     4 ||     4
Invok: Heroism           |       |       |       |       |     1 ||     1
Evoke: Wand              |       |       |       |     2 |     1 ||     3
       Lightning rod     |       |       |       |       |     3 ||     3
  Use: Scroll            |     5 |     6 |     8 |    10 |     7 ||    36
       Potion            |       |     1 |       |     2 |     3 ||     6
 Stab: Invisible         |       |       |       |     3 |     2 ||     5
       Distracted        |       |       |       |     2 |       ||     2
       Sleeping          |       |       |       |     3 |     1 ||     4
       Held in net/web   |       |       |       |     4 |     4 ||     8
Armor: Scale mail        |    52 |       |     3 |       |       ||    55
       Chain mail        |       |    99 |    54 |       |       ||   153
       Plate armour      |       |       |   173 |    17 |    10 ||   200
       Swamp dragon scal |       |       |     1 |   223 |   315 ||   539
Dodge: Dodged            |    45 |    62 |   109 |   321 |   425 ||   962
Block: Buckler           |    25 |    41 |    91 |   167 |   236 ||   560
